 Seeded DCSS version 0.30-a0-528-g8c47a4955b (webtiles) character file.

Game seed: 20221224 (custom seed)

44 a11behringer the Chopper (level 3, 0/25 (30) HPs)
             Began as a Draconian Reaver on Dec 24, 2022.
             Slain by Natasha (6 damage)
             ... on level 2 of the Dungeon.
             The game lasted 00:04:04 (947 turns).

a11behringer the Chopper (Draconian Reaver)          Turns: 947, Time: 00:04:05

HP:   0/25 (30)     AC:  8    Str: 16    XL:     3   Next: 39%
MP:   6/6           EV:  9    Int: 13    God:
Gold: 55            SH:  0    Dex:  9    Spells: 4/6 levels left

rFire   + . .      SeeInvis .    a - +0 hand axe
rCold   x . .      Faith    .    (no shield)
rNeg    . . .      Spirit   .    (body armour unavailable)
rPois   .          Reflect  .    (helmet restricted)
rElec   .          Harm     .    (no cloak)
rCorr   .          Rampage  .    g - +2 pair of gloves
Will    .....                    (no boots)
Stlth   +                        (no amulet)
HPRegen 0.24/turn                c - ring of fire
MPRegen 0.10/turn                (no ring)

@: slowed, constricted, heavily drained, very slow
A: AC +5, unfitting armour, cold-blooded
a: no special abilities


You were on level 2 of the Dungeon.
You visited 1 branch of the dungeon, and saw 2 of its levels.

You collected 55 gold pieces.

Inventory:

Hand Weapons
 a - a +0 hand axe (weapon)
 d - a +0 sling
Armour
 g - a +2 pair of gloves (worn)
Jewellery
 c - a ring of fire (left hand)
 e - an amulet of guardian spirit
Scrolls
 h - a scroll of poison {unknown}
 i - a scroll of silence {unknown}
Potions
 b - 2 potions of curing {unknown}
 f - a potion of might {unknown}
 j - a potion of berserk rage {unknown}


   Skills:
 + Level 2.6 Fighting
 * Level 3.5 Axes
 + Level 2.2 Dodging
 + Level 0.0 Stealth
 + Level 2.3 Spellcasting
 + Level 3.2 Conjurations


You had 4 spell levels left.
You knew the following spells:

 Your Spells              Type           Power      Damage    Failure   Level
a - Kiss of Death         Conj/Necr      20%        2d7       13%         1
b - Magic Dart            Conj           36%        1d4       7%          1

Your spell library contained the following spells:

 Spells                   Type           Power      Damage    Failure   Level
 Searing Ray              Conj           18%        2d5       10%         2
 Momentum Strike          Conj/Tloc      10%        3d8       19%         2
 Hailstorm                Conj/Ice       5%         3d4       36%         3
 Fulminant Prism          Conj/Hex       2%         3d5       77%         4


Dungeon Overview and Level Annotations

Branches:
Dungeon (2/15)

Altars:

Annotations:
D:2 Natasha


Innate Abilities, Weirdness & Mutations

Your plain brown scales are hard. (AC +5)
You cannot fit into any form of body armour.
You are cold-blooded and may be slowed by cold attacks.


Message History

The negative energy hits the goblin!
The goblin is drained!
You kill the goblin!
You feel drained. Something claws you.
The goblin shoots a sling bullet.
The sling bullet hits you.
A goblin comes into view. It is wielding a +0 dagger.
An endoplasm comes into view.
The goblin shoots a sling bullet.
The sling bullet hits you but does no damage.
You hear some strange, mumbled words.
You feel as though you will be slow longer.
The endoplasm quivers.
A magic dart appears from out of thin air!
The magic dart hits you.
The goblin shoots a sling bullet.
The sling bullet hits you but does no damage.
You hear some strange, mumbled words.
The goblin shoots a sling bullet.
The sling bullet hits you.
The goblin shoots a sling bullet.
The sling bullet barely misses you.
The ball python attacks as you move away!
The ball python misses you. The ball python bites you.
The ball python misses you.
The ball python attacks as you move away!
The ball python bites you but does no damage.
The ball python misses you.
Natasha appears from thin air!
Reactivating autopickup.
The ball python bites you but does no damage.
The ball python closely misses you. The ball python closely misses you.
The ball python barely misses you. The ball python misses you.
The ball python grabs you. The ball python constricts you.
You hit Natasha.
Natasha is moderately wounded.
You barely miss the ball python. Natasha claws you but does no damage.
The crimson imp shouts, "Take thy face hence, thou weedy fat-kidneyed jarkman!"
The ball python bites you. The ball python constricts you.
The endoplasm jiggles.
The white imp gestures at you. The puff of frost hits you!
You feel a terrible chill!
* * * LOW HITPOINT WARNING * * *
Natasha claws you.
You die...

.......).#g......#
#............#
.####....).......#####
..[.......###J##.....#
.........g###.##.###.#
.........5.#g........#
.........#..5..#.....#
.........##.Sh#......#
.........##.@#######.#
####.#.####...#......#
#.#. #....#.....# # #.
#..........#
#......#.###
######...# #.### #..#
##)#


You could see Natasha, a crimson imp (summoned), a white imp (summoned), an
endoplasm, 2 goblins and a ball python.

Vanquished Creatures
  3 bats
  3 endoplasms
  4 giant cockroaches (D:1)
  6 goblins
  6 hobgoblins
  3 jackals (D:1)
  A kobold (D:2)
  A quokka (D:1)
  4 ball pythons
  4 frilled lizards
  3 rats (D:1)
38 creatures vanquished.

Notes
Turn   | Place    | Note
-------+----------+-------------------------------------------
     0 | D:1      | a11behringer the Draconian Reaver began the quest for the
                  | Orb.
     0 | D:1      | Reached XP level 1. HP: 17/17 MP: 3/3
    63 | D:1      | Reached XP level 2. HP: 24/24 MP: 5/5
    84 | D:1      | Learned a level 1 spell: Magic Dart
   492 | D:1      | Reached XP level 3. HP: 26/30 MP: 6/6
   926 | D:2      | Noticed Natasha
   947 | D:2      | Slain by Natasha

Illustrated notes

Levels and vault maps discovered:
D:1:      co_arrival_square_in_a_square_in_a_square, layout_loops_ring,
          minmay_close_crescents
D:2:      layout_rooms, serial_shops, nicolae_shop_advertising_works
          [nicolae_subvault_shop_adworks], shop, shop, st_stairs_2, uniq_robin,
          uniq_crazy_yiuf_cottage, uniq_natasha

Skill      XL: |  1  2 |
---------------+-------+-----
Dodging        | 2 |  2.2
Fighting       | |  2.6
Axes           | |  3.5
Spellcasting   | |  2.3
Conjurations   | |  3.2

Action                   || total
-------------------------++-------
Melee: Hand axe          ||   103
       Tailslap          ||    12
       Punch             ||     2
 Cast: Kiss of Death     ||     1
 Stab: Sleeping          ||     2
Armor: Skin              ||    54
Dodge: Dodged            ||    79

Table legend: (Time is in decaauts)
 A = Elapsed time spent in this place.
 B = Non-inter-level travel time spent in this place.
 C = Inter-level travel time spent in this place.
 D = Time resting spent in this place.
 E = Time spent auto-exploring this place.
 F = Levels seen in this place.
 G = Mean time per level.
                   A        B        C        D        E       F      G
               +--------+--------+--------+--------+--------+-----+--------+
         Total |    968 |    895 |     73 |      0 |    639 |   2 |  484.0 |
       Dungeon |    968 |    895 |     73 |      0 |    639 |   2 |  484.0 |
               +--------+--------+--------+--------+--------+-----+--------+

Top non-repeatable levels by time:
     D:1: 843 daAuts
     D:2: 124 daAuts
